 Dungeon Crawl Stone Soup version 0.29-a0-340-g6efceafd81 (webtiles) character file.

Game seed: 8820230414171344904

2275 siradein the Cutter (level 9, 0/72 HPs)
             Began as a Vine Stalker Berserker on Apr 19, 2022.
             Was an Elder of Trog.
             Shot with a bolt by an orc warrior (4 damage)
             ... in a bailey.
             The game lasted 00:24:28 (6164 turns).

siradein the Cutter (Vine Stalker Berserker)        Turns: 6164, Time: 00:24:28

Health: 0/72       AC: 13    Str: 20      XL:     9   Next: 39%
Magic:  0/10       EV:  9    Int:  7      God:    Trog [****..]
Gold:   93         SH:  5    Dex: 16 (18) Spells: 8/8 levels left

rFire   . . .      SeeInvis +   v - +1 dagger (venom)
rCold   . . .      Faith    +   s - +0 buckler
rNeg    . . .      Spirit   +   z - +0 chain mail
rPois   +          Reflect  .   m - +0 helmet
rElec   .          Harm     .   j - +0 cloak
rCorr   .          Rampage  .   (no gloves)
Will    +....                   l - +0 pair of boots
Stlth   ..........              y - amulet of faith
HPRegen 1.02/turn               c - ring of poison resistance
MPRegen 0.12/turn               (no ring)

@: berserking (expiring), slow
A: fangs 3, regeneration 1, magic shield, antimagic bite, no potion heal 2, see
invisible, deterioration 1
a: Renounce Religion, Berserk, Trog's Hand, Brothers in Arms


You were in a bailey.
You worshipped Trog.
Trog was greatly pleased with you.
You visited 1 branch of the dungeon, and saw 7 of its levels.
You also visited: Bailey.

You collected 271 gold pieces.
You spent 178 gold pieces at shops.

Inventory:

Hand Weapons
 v - a +1 dagger of venom (weapon)
Armour
 j - a +0 cloak (worn)
 l - a +0 pair of boots (worn)
 m - a +0 helmet (worn)
 s - a +0 buckler (worn)
 z - a +0 chain mail (worn)
Jewellery
 c - a ring of poison resistance (left hand)
 y - an amulet of faith (around neck)
Wands
 a - a wand of iceblast (8)
 w - a wand of flame (27) (quivered)
Scrolls
 b - 2 scrolls of teleportation
 d - 2 scrolls of blinking
 f - 2 scrolls of enchant weapon
 g - a scroll of magic mapping
 k - a scroll of enchant armour {unknown}
 p - a scroll of summoning {unknown}
 q - a scroll of brand weapon {unknown}
 t - a scroll of fog {unknown}
 x - a scroll of fear {unknown}
Potions
 e - a potion of lignification
 h - a potion of haste
 i - 4 potions of might {unknown}
 n - 3 potions of curing {unknown}
 r - 2 potions of resistance {unknown}
 u - a potion of ambrosia {unknown}


   Skills:
 + Level 5.7 Fighting
 + Level 5.7 Short Blades
 + Level 4.9 Armour
 + Level 4.8 Dodging
 + Level 4.5 Shields


You had 8 spell levels left.
You didn't know any spells.
Your spell library was empty.

Dungeon Overview and Level Annotations

Branches:
Dungeon (7/15)             Temple (0/1) D:6          Bailey (1/1)

Altars:
Makhleb
Okawaru
Qazlal
Uskayaw
Wu Jian
Xom

Shops:
D:3 **[(!


Innate Abilities, Weirdness & Mutations

You have razor-sharp teeth.
Your natural rate of healing is unusually fast.
When hurt, damage is shared between your health and your magic reserves.
Your bite disrupts and absorbs the magic of your enemies.
Potions cannot restore your health.
You have supernaturally acute eyesight. (SInv)
Your body sometimes deteriorates upon taking damage.


Message History

An orc warrior is nearby!
The orc warrior moves out of view.
The orc warrior shoots a bolt.
The bolt barely misses you.
The orc warrior shoots a bolt.
The bolt hits you!
Your body deteriorates!
You feel clumsy.
You hear a shout!
You hear a shout!
The orc warrior shoots a bolt.
The bolt hits you!
An orc comes into view. It is wielding a +0 arbalest.
The orc shouts!
The orc moves out of view.
An orc warrior comes into view. It is wielding a +0 arbalest.
An orc comes into view. It is wielding a +0 arbalest.
The orc shouts!
The orc warrior shoots a bolt.
The bolt hits you. Why would you want to do that?
The orc warrior shoots a bolt.
The bolt closely misses you.
You enter the shallow water.
Moving in this stuff is going to be slow.
The orc shoots a bolt.
The bolt hits you.
The orc warrior shoots a bolt.
You block the bolt.
The orc warrior shoots a bolt.
You block the bolt.
The orc warrior unwields a +0 arbalest.
The orc warrior barely misses you.
The orc warrior shoots a bolt.
The bolt hits you!!
The orc warrior shoots a bolt.
The bolt hits you!!
* * * LOW HITPOINT WARNING * * *
Unknown command.
A red film seems to cover your vision as you go berserk!
You feel yourself moving faster!
You feel mighty!
The orc warrior shoots a bolt.
The bolt barely misses you.
Your unstable footing causes you to fumble your attack.
The orc warrior splashes around in the water.
Your unstable footing causes you to fumble your attack.
The orc warrior shoots a bolt.
The bolt hits you.
* * * LOW HITPOINT WARNING * * *
Your unstable footing causes you to fumble your attack.
The orc warrior splashes around in the water.
You closely miss the orc warrior. Your bite misses the orc warrior.
The orc warrior shoots a bolt.
The bolt hits you.
You die...

.........# ≈≈
≈≈≈≈≈.....# ≈≈≈
## ≈≈.....#
≈≈##.##≈.....# ≈
≈..o.#≈.....#
≈≈≈ #oo##≈.....#
≈≈≈≈##o#≈≈.....#
≈≈≈≈≈≈≈≈≈≈.....#
#≈≈≈≈≈o@≈≈.....#
##≈≈≈≈≈≈≈≈.....#
#≈≈≈≈≈≈≈≈.....#
##≈≈≈≈≈≈≈.....#
#≈≈≈≈≈≈≈.....#
#≈≈≈≈≈≈≈.....#
#≈≈≈≈≈≈≈.....#
##≈≈≈≈≈≈≈.....#
#≈≈≈≈≈≈≈≈.....#


You could see 2 orc warriors and 3 orcs.

Vanquished Creatures
  Grinder (D:4)
  2 water moccasins
  An orc warrior (Bailey)
  4 ogres
  2 centaurs
  Blork the orc (D:4)
  5 phantoms
  A necrophage (D:4)
  A bullfrog (D:6)
  2 scorpions (D:4)
  A howler monkey (D:4)
  3 hounds
  A jelly (D:6)
  A gnoll shaman (D:6)
  6 iguanas
  Ijyb (D:4)
  An orc wizard (D:7)
  5 gnolls (D:6)
  8 adders
  A white imp (D:5)
  A worm (D:4)
  4 dart slugs
  19 orcs
  6 endoplasms
  4 giant cockroaches
  9 goblins
  9 hobgoblins
  3 jackals (D:4)
  9 ball pythons
  3 bats
  6 frilled lizards
  4 kobolds
  4 rats
129 creatures vanquished.

Vanquished Creatures (others)
  3 plants (D:3)
3 creatures vanquished.

Grand Total: 132 creatures vanquished

Notes
Turn   | Place    | Note
-------+----------+-------------------------------------------
     0 | D:1      | siradein the Vine Stalker Berserker began the quest for the
                  | Orb.
     0 | D:1      | Reached XP level 1. HP: 11/11 MP: 2/2
   255 | D:1      | Reached XP level 2. HP: 14/16 MP: 3/3
   956 | D:2      | Found a stormy altar of Qazlal.
  1075 | D:2      | Reached XP level 3. HP: 20/20 MP: 4/4
  1157 | D:2      | Reached ** piety under Trog
  1200 | D:2      | Found a faded altar of an unknown god.
  1589 | D:3      | Found Ubienite's Assorted Antiques.
  1758 | D:3      | Found Nephaph's Assorted Antiques.
  1763 | D:3      | Gained mutation: Your natural rate of healing is unusually
                  | fast. [Vine Stalker growth]
  1763 | D:3      | Reached XP level 4. HP: 19/24 MP: 3/5
  1831 | D:3      | Noticed a +0 dagger
  1831 | D:3      | Noticed a +0 hand axe
  1832 | D:3      | Found a hide-covered altar of Uskayaw.
  1886 | D:3      | Found Ymaicse's Weapon Boutique.
  1902 | D:3      | Found Unno Zuipre's Distillery.
  2160 | D:3      | Found Xoic's Antique Armour Emporium.
  2163 | D:3      | Bought a buckler for 90 gold pieces
  2507 | D:4      | Noticed Blork the orc
  2507 | D:4      | Noticed a necrophage
  2586 | D:4      | Noticed a scorpion
  2619 | D:4      | Killed a scorpion
  2620 | D:4      | Reached XP level 5. HP: 28/28 MP: 6/6
  2651 | D:4      | Reached skill level 1 in Shields
  2666 | D:4      | Killed Blork the orc
  2667 | D:4      | Reached XP level 6. HP: 33/33 MP: 7/7
  2873 | D:4      | Found a burning altar of Makhleb.
  2914 | D:4      | Reached XP level 7. HP: 35/37 MP: 8/8
  3104 | D:4      | Noticed Ijyb
  3114 | D:4      | Killed Ijyb
  3371 | D:4      | Gained mutation: You have razor-sharp teeth. [Vine Stalker
                  | growth]
  3371 | D:4      | Reached XP level 8. HP: 42/42 MP: 9/9
  3441 | D:4      | Reached *** piety under Trog
  3584 | D:4      | Noticed Grinder
  3603 | D:4      | Killed Grinder
  3772 | D:4      | Gained mutation: Your spells are a little easier to cast,
                  | but a little less powerful. [potion of mutation]
  3772 | D:4      | Gained mutation: Your muscles are strong. (Str +2) [potion
                  | of mutation]
  3773 | D:4      | Lost mutation: Your spells are a little easier to cast, but
                  | a little less powerful. [potion of mutation]
  3773 | D:4      | Lost mutation: Your muscles are strong. (Str +2) [potion of
                  | mutation]
  3773 | D:4      | Gained mutation: You have sharp toenails. [potion of
                  | mutation]
  3773 | D:4      | Gained mutation: Your body sometimes deteriorates upon
                  | taking damage. [potion of mutation]
  3773 | D:4      | Gained mutation: You tend to lose your temper in combat.
                  | [potion of mutation]
  3773 | D:4      | Gained mutation: You have supernaturally acute eyesight.
                  | (SInv) [potion of mutation]
  3792 | D:5      | Entered Level 5 of the Dungeon
  3867 | D:5      | Found an ornate altar of the Wu Jian Council.
  3874 | D:5      | Found an iron altar of Okawaru.
  3886 | D:5      | Found a shimmering altar of Xom.
  4176 | D:5      | Reached skill level 5 in Fighting
  4176 | D:5      | Reached skill level 5 in Short Blades
  4714 | D:6      | Reached XP level 9. HP: 47/47 MP: 10/10
  4910 | D:6      | Found a staircase to the Ecumenical Temple.
  5616 | D:3      | Bought a potion of mutation for 88 gold pieces
  5616 | D:3      | Lost mutation: You tend to lose your temper in combat.
                  | [potion of mutation]
  5616 | D:3      | Lost mutation: You have sharp toenails. [potion of
                  | mutation]
  5818 | D:7      | Reached **** piety under Trog
  5882 | D:7      | Found a flagged portal.
  5891 | Bailey   | Entered a bailey
  6159 | Bailey   | HP: 1/48 [orc warrior/bolt (19)]
  6164 | Bailey   | Shot with a bolt by an orc warrior

Illustrated notes

Levels and vault maps discovered:
D:1:      lightli_molten_gateway, layout_basic, minmay_misc_feat_plants
D:2:      layout_basic, dreamdust_ecumenical_altar_grove, basic_altar
D:3:      layout_basic, dancing_weapons_uskayaw, serial_shops,
          nicolae_shop_trees, nicolae_shop_overgrown_old_shop,
          nicolae_shop_behind_doors, nicolae_diamond_shop,
          nicolae_shop_bloodbath_and_beyond
D:4:      minmay_bubble_buster, layout_basic, marbit_many_paths,
          minmay_hedge_maze, grunt_ministairs_13, minmay_unequal,
          uniq_blork_the_orc, uniq_ijyb, uniq_grinder
D:5:      layout_basic, grunt_temple_overflow_open
D:6:      layout_basic, minmay_temple_entry_grid
D:7:      layout_loops_ring, mainiacjoe_overflow_24_doors, enter_bailey_3
Bailey:   bailey_polearm_2, bailey

Skill      XL: |  1  2  3  4  5  6  7  8 |
---------------+-------------------------+-----
Fighting       | 3 4 5 |  5.7
Short Blades   | 3 4 5 |  5.7
Armour         | 2 3 4 |  4.9
Dodging        | 2 3 4 |  4.8
Shields        | 1 2 4 |  4.5

Action                   |  1- 3 |  4- 6 |  7- 9 || total
-------------------------+-------+-------+-------++-------
Melee: Short sword       |   106 |    83 |       ||   189
       Bite              |    31 |    43 |   123 ||   197
       Punch             |       |     1 |       ||     1
       Dagger            |       |    36 |   397 ||   433
Invok: Berserk           |       |     1 |     1 ||     2
  Use: Scroll            |     3 |       |     6 ||     9
       Potion            |       |       |     3 ||     3
Armor: Scale mail        |    29 |    28 |    35 ||    92
       Leather armour    |     2 |       |       ||     2
       Chain mail        |       |       |    99 ||    99
Dodge: Dodged            |    47 |    39 |   127 ||   213
Block: Other             |    10 |     1 |       ||    11
       Buckler           |       |    30 |   106 ||   136
       Reflection        |       |       |     1 ||     1

Table legend: (Time is in decaauts)
 A = Elapsed time spent in this place.
 B = Non-inter-level travel time spent in this place.
 C = Inter-level travel time spent in this place.
 D = Time resting spent in this place.
 E = Time spent auto-exploring this place.
 F = Levels seen in this place.
 G = Mean time per level.
                   A        B        C        D        E       F      G
               +--------+--------+--------+--------+--------+-----+--------+
         Total |   6116 |   5804 |    312 |    149 |   4379 |   8 |  764.5 |
       Dungeon |   5844 |   5532 |    312 |     49 |   4338 |   7 |  834.9 |
        Bailey |    272 |    272 |      0 |    100 |     41 |   1 |  272.0 |
               +--------+--------+--------+--------+--------+-----+--------+

Top non-repeatable levels by time:
     D:4: 1257 daAuts
     D:3: 1124 daAuts
     D:6: 972 daAuts
     D:5: 863 daAuts
     D:1: 815 daAuts
     D:2: 657 daAuts
  Bailey: 272 daAuts
     D:7: 153 daAuts
